[Event "fics rated crazyhouse match"]
[Site "fics, Oklahoma City, OK USA"]
[Date "2000.01.10"]
[White "LSS"]
[WhiteElo "2331"]
[Black "fisherman"]
[BlackElo "2256"]
[TimeControl "180+0"]
[Result "0-1"]

1. e4 e6 2. d4 d5 3. exd5 exd5 4. Bb5+ Nc6 5. Qe2+ Qe7 6. Nc3 
Nf6 7. P@e5 P@e6 8. exf6 gxf6 9. Nf3 Bd7 10. Be3 Rg8 11. Rg1 P@e4 
12. Nd2 a6 13. Ba4 Qd8 14. Nb3 Nb4 15. Bxd7+ Qxd7 16. B@a4 b5 17. Nxb5 
axb5 18. Bxb5 c6 19. N@b6 Qb7 20. Nxa8 B@a5 21. P@c3 Qxa8 22. cxb4 Bfxb4+ 
23. P@c3 P@f3 24. Qd2 fxg2 25. O-O-O N@f3 26. cxb4 Nxd2 27. Rxd2 cxb5 28. N@d6+ 
Ke7 29. Nxb5 Q@f1+ 30. R@d1 Qxb5 31. B@c5+ Kd7 32. bxa5 P@c3 33. N@b6+ Qxb6 
34. Bxb6 cxb2+ 35. Kxb2 N@c4+ 36. Kc3 B@b2+ 37. Kb4 N@a6+ 38. Kb5 N@c7+ 39. Bxc7 
Nxc7+ 40. Ka4 Qc6+ 41. Kb4 Qb5# 
{LSS checkmated} 0-1

[Event "fics rated crazyhouse match"]
[Site "fics, Oklahoma City, OK USA"]
[Date "2000.01.10"]
[White "fisherman"]
[WhiteElo "2266"]
[Black "LSS"]
[BlackElo "2321"]
[TimeControl "180+0"]
[Result "0-1"]

1. e4 e6 2. Nc3 d5 3. d4 Bb4 4. exd5 exd5 5. Nf3 Qe7+ 6. Be2 
P@a3 7. O-O Bxc3 8. bxc3 N@e4 9. Bxa3 Qxa3 10. B@b4 Qxc3 11. Bxc3 Nxc3 
12. Qd3 Nxe2+ 13. Qxe2+ P@e4 14. Ng5 B@f6 15. Nxe4 dxe4 16. Qxe4+ B@e7 17. N@d5 
B@d8 18. P@e5 Bg5 19. P@d6 Na6 20. P@b5 N@f6 21. exf6 Nxf6 22. Nxf6+ Bxf6 
23. dxe7 Bdxe7 24. bxa6 O-O 25. P@e5 N@g5 26. exf6 Bxf6 27. N@e7+ Kh8 28. Qxh7+ 
Kxh7 29. Q@h5+ Q@h6 30. Qxh6+ gxh6 31. B@d3+ P@e4 32. Bxe4+ Nxe4 33. B@g8+ Rxg8 
34. Nxg8 Kxg8 35. R@e8+ B@f8 36. Rxe4 P@f3 37. Q@g3+ N@g5 38. N@h5 P@g7 39. Nxf6+ 
gxf6 40. N@h5 B@g7 41. P@e7 N@e2# 
{fisherman forfeits on time} 0-1

[Event "fics rated crazyhouse match"]
[Site "fics, Oklahoma City, OK USA"]
[Date "2000.01.10"]
[White "GhostShell"]
[WhiteElo "2241"]
[Black "LSS"]
[BlackElo "2328"]
[TimeControl "180+0"]
[Result "0-1"]

1. d4 e6 2. Nf3 d5 3. Bg5 f6 4. Bf4 Bd6 5. e3 Ne7 6. Nbd2 
O-O 7. Be2 Ng6 8. Bg3 Nc6 9. O-O e5 10. dxe5 fxe5 11. P@b5 Nce7 
12. e4 d4 13. Nc4 P@f4 14. Bh4 Nxh4 15. Nxh4 B@f6 16. Nf3 Ng6 17. c3 
dxc3 18. bxc3 P@g4 19. Nfd2 Nh4 20. Bxg4 Nxg2 21. Kxg2 Qe8 22. Bxc8 Rxc8 
23. Qg4 B@e6 24. B@f5 Bxc4 25. Nxc4 N@h4+ 26. Kh3 Nxf5 27. exf5 B@h5 28. N@h6+ 
Kh8 29. Qg2 gxh6 30. N@e4 P@g4+ 31. Qxg4 Bxg4+ 32. Kxg4 Q@g2# 
{GhostShell resigns} 0-1

[Event "fics rated crazyhouse match"]
[Site "fics, Oklahoma City, OK USA"]
[Date "2000.01.10"]
[White "LSS"]
[WhiteElo "2334"]
[Black "GhostShell"]
[BlackElo "2233"]
[TimeControl "180+0"]
[Result "1-0"]

1. e4 e5 2. Bc4 Nc6 3. Nf3 Bc5 4. Bxf7+ Kxf7 5. O-O Nf6 6. Nc3 
d6 7. P@f5 B@g4 8. d3 Bxf3 9. Qxf3 Nd4 10. Qd1 Bxf5 11. exf5 Nxf5 
12. B@b3+ d5 13. B@h3 Nd4 14. Nxd5 Nxd5 15. Bxd5+ Qxd5 16. N@g5+ Ke8 17. c4 
Qd6 18. Be3 P@e2 19. Bxd4 exd1=Q 20. P@f7+ Ke7 21. N@f5+ Kd8 22. Nxd6 N@b6 
23. Nxb7+ Ke7 24. Bxc5+ P@d6 25. Q@e6+ Kf8 26. P@e7# 
{GhostShell checkmated} 1-0

[Event "fics rated crazyhouse match"]
[Site "fics, Oklahoma City, OK USA"]
[Date "2000.01.10"]
[White "DrWho"]
[WhiteElo "2116"]
[Black "LSS"]
[BlackElo "2340"]
[TimeControl "180+0"]
[Result "0-1"]

1. e4 e6 2. d4 d5 3. exd5 exd5 4. Nf3 Nf6 5. Bb5+ P@c6 6. Be2 
Bf5 7. Bg5 Be7 8. Bxf6 Bxf6 9. P@e5 Be7 10. c4 B@c2 11. Qc1 Bxb1 
12. Rxb1 dxc4 13. Bxc4 N@c2+ 14. Kf1 Nxd4 15. Nxd4 Qxd4 16. Bxf7+ Kxf7 17. e6+ 
Bxe6 18. P@e2 N@d2+ 19. Kg1 Nxb1 20. P@d3 P@d2 21. Qxb1 R@c1# 
{DrWho resigns} 0-1

[Event "fics rated crazyhouse match"]
[Site "fics, Oklahoma City, OK USA"]
[Date "2001.01.10"]
[White "marcusm"]
[WhiteElo "2240"]
[Black "pminear"]
[BlackElo "2469"]
[TimeControl "180+0"]
[Result "1-0"]

1. e4 e5 2. Nf3 Nc6 3. d4 exd4 4. Nxd4 Nf6 5. Nxc6 bxc6 6. e5 
Nd5 7. Nc3 Nxc3 8. bxc3 d6 9. N@g5 N@e6 10. N@f3 P@g4 11. Nxe6 Bxe6 
12. Ng5 dxe5 13. Nxe6 Qxd1+ 14. Kxd1 Q@d7+ 15. Bd3 fxe6 16. Q@h5+ N@g6 17. P@b7 
Rd8 18. B@c8 Qf7 19. Qxg4 P@f5 20. Qc4 N@f4 21. Qxc6+ Ke7 22. Qxc7+ Kf6 
23. P@g5+ Kxg5 24. h4+ Nxh4 25. Bxf4+ exf4 26. N@h3+ Kf6 27. P@g5+ Kg6 28. N@e5+ 
Kh5 29. Qxf7+ g6 30. Nxf4+ Kxg5 31. Nh3+ Kh6 32. Q@g5# 
{pminear checkmated} 1-0

[Event "fics rated crazyhouse match"]
[Site "fics, Oklahoma City, OK USA"]
[Date "2001.01.10"]
[White "pminear"]
[WhiteElo "2456"]
[Black "marcusm"]
[BlackElo "2253"]
[TimeControl "180+0"]
[Result "1-0"]

1. e4 Nf6 2. e5 Nd5 3. Nf3 d6 4. d4 Bg4 5. Be2 e6 6. O-O 
Nc6 7. exd6 Bxd6 8. c4 Ndb4 9. Nc3 P@d3 10. Bxd3 Bxf3 11. Qxf3 Nxd4 
12. Qd1 Nxd3 13. Qxd3 c5 14. N@h5 Be5 15. B@g3 B@g6 16. P@c7 Qxc7 17. Bxe5 
Qxe5 18. B@e4 Qxh5 19. Nb5 Bxe4 20. Qxe4 O-O 21. B@g4 Qg6 22. Qxg6 hxg6 
23. Nxd4 cxd4 24. P@h6 gxh6 25. Bxh6 B@f6 26. P@g7 Bxg7 27. Bxg7 Kxg7 28. B@g5 
B@e5 29. Q@h6+ Kg8 30. N@e7# 
{marcusm checkmated} 1-0

[Event "fics rated crazyhouse match"]
[Site "fics, Oklahoma City, OK USA"]
[Date "2000.01.11"]
[White "Lomboc"]
[WhiteElo "2316"]
[Black "Igy"]
[BlackElo "2184"]
[TimeControl "60+0"]
[Result "0-1"]

1. e4 e6 2. Nc3 Nc6 3. d4 Bb4 4. Nf3 d5 5. e5 Nge7 6. Bd3 
Bd7 7. O-O Bxc3 8. bxc3 N@e4 9. Bxe4 dxe4 10. Ng5 B@d5 11. c4 Bxc4 
12. Nxe4 P@e2 13. N@f6+ Kf8 14. B@d3 exd1=Q 15. Rxd1 Bxd3 16. cxd3 Nxd4 17. Nxd7+ 
Qxd7 18. P@f6 N@f3+ 19. Kh1 P@e2 20. fxg7+ Kxg7 21. B@h6+ Kg6 22. P@h5+ Kxh5 
23. P@g4+ Kxg4 24. gxf3+ Nxf3 25. h3+ Kxh3 26. B@g2+ Kg4 27. Bxf3+ Kxf3 
{Lomboc forfeits on time} 0-1

[Event "fics rated crazyhouse match"]
[Site "fics, Oklahoma City, OK USA"]
[Date "2000.01.11"]
[White "Igy"]
[WhiteElo "2195"]
[Black "Lomboc"]
[BlackElo "2305"]
[TimeControl "60+0"]
[Result "0-1"]

1. e4 e6 2. Nc3 d5 3. exd5 exd5 4. Bb5+ Nc6 5. d4 Nf6 6. Bg5 
Bd7 7. Qe2+ P@e4 8. Nxd5 Nxd4 9. Bxd7+ Qxd7 10. Nxf6+ gxf6 11. Qxe4+ Ne6 
12. B@a4 B@c6 13. Bxc6 Qxc6 14. Qxc6+ bxc6 15. P@d7+ Kxd7 16. Bxf6 P@d2+ 17. Kf1 
Q@e1+ 18. Rxe1 dxe1=Q+ 19. Kxe1 P@d2+ 20. Kxd2 N@e4+ 21. Ke2 R@d2+ 22. Ke1 B@d6 
23. B@d3 Nxf2 24. Kxd2 Nxh1 
{Igy forfeits on time} 0-1

[Event "fics rated crazyhouse match"]
[Site "fics, Oklahoma City, OK USA"]
[Date "2000.01.11"]
[White "Lomboc"]
[WhiteElo "2311"]
[Black "Tanuki"]
[BlackElo "2107"]
[TimeControl "60+0"]
[Result "1-0"]

1. e4 e6 2. Nc3 d6 3. d4 Nf6 4. Nf3 Be7 5. Bg5 Nc6 6. Bd3 
Bd7 7. O-O e5 8. dxe5 Nxe5 9. Nxe5 dxe5 10. P@h6 Rg8 11. hxg7 Rxg7 
12. Bxf6 Bxf6 13. N@h5 P@h3 14. Nxg7+ Bxg7 15. gxh3 Bxh3 16. R@g3 P@g4 17. P@g2 
Bxg2 18. Rxg2 P@f3 19. Rxg4 N@h3+ 20. Kh1 P@g2+ 21. Rxg2 fxg2+ 22. Kxg2 N@f4+ 
23. Kf3 B@g2+ 24. Ke3 Qd4+ 25. Kd2 Bxf1 26. Qxf1 Nxf2 27. N@b5 P@e3+ 28. Kc1 
R@d1+ 29. Nxd1 Nxd1 30. Nxd4 Nf2 31. P@d7+ Kxd7 32. B@a4+ P@c6 33. B@f5+ N@e6 
34. Nxe6 
{Tanuki forfeits on time} 1-0

[Event "fics rated crazyhouse match"]
[Site "fics, Oklahoma City, OK USA"]
[Date "2000.01.11"]
[White "Igy"]
[WhiteElo "2189"]
[Black "Gnejs"]
[BlackElo "2449"]
[TimeControl "60+0"]
[Result "0-1"]

1. e4 e6 2. Nc3 Nc6 3. Nf3 Nf6 4. Bb5 d6 5. O-O a6 6. Ba4 
Bd7 7. d4 b5 8. Bb3 b4 9. e5 bxc3 10. exf6 gxf6 11. bxc3 Rg8 
12. P@g3 N@e4 13. N@c4 Nxc3 14. Qe1 Nd5 15. Ne3 Nxe3 16. Bxe3 Be7 17. c4 
P@e4 18. Nd2 f5 19. d5 Ne5 20. dxe6 fxe6 21. P@d5 P@f7 22. dxe6 Bxe6 
23. P@d5 Bc8 24. N@c6 Nxc6 25. dxc6 N@e5 26. c5 Nxc6 27. cxd6 cxd6 28. Bxf7+ 
Kxf7 29. P@d5 Ne5 30. P@e6+ Kg7 31. N@f4 P@g6 32. Rc1 Bb7 33. Nc4 P@g5 
34. Nxe5 dxe5 35. Nxg6 hxg6 36. P@f7 Rh8 37. Qc3 Bxd5 38. Qxe5+ B@f6 39. Qc7 
Bxe6 40. Qxd8 Raxd8 41. P@e5 Bxf7 42. exf6+ Bxf6 43. B@f4 N@h3+ 44. gxh3 N@f3+ 
45. Kh1 Rxh3 46. N@e8+ Rxe8 47. Q@h6+ Kxh6 48. N@e6 Rxh2# 
{Igy checkmated} 0-1

[Event "fics rated crazyhouse match"]
[Site "fics, Oklahoma City, OK USA"]
[Date "2000.01.11"]
[White "Tanuki"]
[WhiteElo "2100"]
[Black "Lomboc"]
[BlackElo "2315"]
[TimeControl "60+0"]
[Result "0-1"]

1. d4 e6 2. Nc3 d5 3. Nf3 Nf6 4. Bg5 Be7 5. a3 O-O 6. e3 
h6 7. Bh4 Nbd7 8. Be2 Ne4 9. Bxe7 Qxe7 10. B@g3 B@a5 11. O-O Bxc3 
12. bxc3 Nxc3 13. Qd3 Ne4 14. B@e5 Nxe5 15. Bxe5 P@f6 16. Bg3 B@c4 17. Qd1 
N@c3 18. Bxc4 Nxd1 19. Raxd1 dxc4 20. B@f4 B@e2 21. Bxc7 Bxf3 22. gxf3 Nxg3 
23. fxg3 B@e2 24. B@g2 Bxd1 25. Rxd1 Qxc7 26. P@h5 B@e2 27. Re1 Bxf3 28. Bxf3 
N@g5 29. B@g2 P@h3 30. B@g6 Nxf3+ 31. Bxf3 B@g2 32. Bxg2 hxg2 33. B@h7+ Kh8 
34. Kxg2 B@c6+ 35. P@e4 R@d2+ 36. N@e2 fxg6 37. Bxg6 Bxe4+ 38. P@f3 Bxg6 39. hxg6 
Rxe2# 
{Tanuki forfeits on time} 0-1

[Event "fics rated crazyhouse match"]
[Site "fics, Oklahoma City, OK USA"]
[Date "2000.01.11"]
[White "BLUNDERMONSTER"]
[WhiteElo "2086"]
[Black "LSS"]
[BlackElo "2344"]
[TimeControl "180+0"]
[Result "0-1"]

1. e4 e6 2. d4 d5 3. exd5 exd5 4. Nf3 Nc6 5. Bb5 Bd7 6. Bxc6 
bxc6 7. Qe2+ P@e4 8. Ne5 Bb4+ 9. Bd2 Bxd2+ 10. Nxd2 Nf6 11. B@h4 B@e7 
12. P@g5 Ng8 13. N@h5 B@f8 14. Nxd7 Qxd7 15. B@g4 N@e6 16. Bxe6 Qxe6 17. Nf4 
Qc8 18. N@e5 B@d7 19. g6 hxg6 20. Bxe7 Nxe7 21. Nxd7 Qxd7 22. B@b4 B@d6 
23. Bxd6 cxd6 24. B@h3 B@f5 25. B@g4 Rb8 26. Bxf5 gxf5 27. B@b3 P@g4 28. Nxe4 
gxh3 29. P@f6 hxg2 30. Rg1 fxe4 31. fxe7 Bxe7 32. N@h5 N@f3+ 33. Qxf3 exf3 
34. Nxg7+ Kd8 35. P@e6 fxe6 36. Ngxe6+ Kc8 37. P@g7 P@d2+ 38. Kd1 Q@f1+ 39. Kxd2 
N@e4+ 40. Ke3 B@d2+ 41. Kxf3 Qxf2+ 42. Kg4 Rh4+ 43. Kf5 Rxf4+ 44. Kg6 Rf6+ 
45. Kh7 Rh6+ 46. Kg8 Kb7+ 47. N@f8 N@g6 48. P@a6+ Kxa6 49. Bc4+ dxc4 
{BLUNDERMONSTER forfeits on time} 0-1

[Event "fics rated crazyhouse match"]
[Site "fics, Oklahoma City, OK USA"]
[Date "2000.01.11"]
[White "Oddyseus"]
[WhiteElo "2148"]
[Black "LSS"]
[BlackElo "2349"]
[TimeControl "180+0"]
[Result "1-0"]

1. e4 e6 2. Nc3 d5 3. d4 Bb4 4. exd5 exd5 5. Nf3 Nc6 6. Be2 
P@a3 7. P@b5 axb2 8. Bxb2 P@a3 9. O-O axb2 10. bxc6 bxa1=Q 11. P@d7+ Bxd7 
12. cxd7+ Qxd7 13. Qxa1 Bxc3 14. Qxc3 N@e4 15. N@e5 Nxc3 16. Nxd7 Nxe2+ 17. Kh1 
B@h3 18. Q@f8+ Kxd7 19. Ne5+ Ke6 20. Qxf7+ Kd6 21. P@c5# 
{LSS checkmated} 1-0

[Event "fics rated crazyhouse match"]
[Site "fics, Oklahoma City, OK USA"]
[Date "2000.01.11"]
[White "LSS"]
[WhiteElo "2337"]
[Black "Oddyseus"]
[BlackElo "2160"]
[TimeControl "180+0"]
[Result "1-0"]

1. e4 e6 2. Nf3 Be7 3. d4 d5 4. exd5 exd5 5. Nc3 Nf6 6. Ne5 
Be6 7. Bb5+ P@c6 8. Be2 Nbd7 9. O-O Ne4 10. Nxe4 dxe4 11. N@h5 Rg8 
12. Be3 Nxe5 13. dxe5 N@h4 14. N@f4 N@d5 15. Nxe6 fxe6 16. B@h3 N@f5 17. Nf4 
Ndxe3 18. fxe3 Nxe3 19. P@f7+ Kf8 
{Oddyseus resigns} 1-0

[Event "fics rated crazyhouse match"]
[Site "fics, Oklahoma City, OK USA"]
[Date "2000.01.11"]
[White "Oddyseus"]
[WhiteElo "2156"]
[Black "LSS"]
[BlackElo "2341"]
[TimeControl "180+0"]
[Result "0-1"]

1. e4 e6 2. Nc3 Nc6 3. Nf3 Nf6 4. d4 d5 5. Bd3 Bb4 6. e5 
Ne4 7. Bd2 Nxd2 8. Qxd2 B@e4 9. Bb5 Bxf3 10. gxf3 N@g2+ 11. Kd1 Bd7 
12. Rg1 Bxc3 13. bxc3 N@b2+ 14. Ke2 Nxe5 15. Bxd7+ Nxd7 16. Rxg2 B@a6+ 17. B@d3 
Nxd3 18. cxd3 P@e4 19. Rxg7 Bxd3+ 20. Kd1 P@c2+ 21. Kc1 B@f6 22. Rg1 Nb6 
23. P@b3 a5 24. B@e5 Bxe5 25. dxe5 B@a3+ 26. B@b2 Bxb2+ 27. Kxb2 a4 28. a3 
axb3 29. N@g7+ Kd7 30. N@c5+ Kc8 31. Kxb3 P@a4+ 32. Ka2 B@b3+ 33. Nxb3 axb3+ 
34. Kxb3 N@c5+ 35. Ka2 exf3 36. Rac1 Rxa3+ 37. Kxa3 Nc4+ 38. Kb4 Nxd2 39. R@a8+ 
Kd7 40. Rxd8+ Rxd8 41. N@f6+ Kc8 42. Q@a8+ R@b8 43. Qxb8+ Kxb8 44. P@a7+ Kxa7 
45. R@a5+ Kb8 46. P@a7+ Kc8 47. a8=Q+ Q@b8 
{Oddyseus forfeits on time} 0-1

[Event "fics rated crazyhouse match"]
[Site "fics, Oklahoma City, OK USA"]
[Date "2000.01.11"]
[White "LSS"]
[WhiteElo "2346"]
[Black "Reznor"]
[BlackElo "2128"]
[TimeControl "180+0"]
[Result "1-0"]

1. e4 e6 2. d4 d5 3. exd5 exd5 4. Nf3 Nf6 5. Bb5+ Bd7 6. Qe2+ 
Be7 7. Nc3 P@e4 8. Ne5 c6 9. Ba4 Bd6 10. Nxf7 Kxf7 11. P@e5 Bg4 
12. f3 exf3 13. gxf3 Re8 14. fxg4 Bb4 15. P@f5 Ne4 16. e6+ Kf8 17. O-O 
Bxc3 18. P@f7 Bxd4+ 19. B@e3 P@f2+ 20. Bxf2 Bxf2+ 21. Rxf2 Re7 22. P@h6 B@d4 
23. hxg7+ Bxg7 24. B@h6 N@h3+ 25. Kg2 Nexf2 26. Bxg7+ Kxg7 27. P@h6+ Kf8 28. B@g7# 
{Reznor checkmated} 1-0

[Event "fics rated crazyhouse match"]
[Site "fics, Oklahoma City, OK USA"]
[Date "2001.01.11"]
[White "BarryWhite"]
[WhiteElo "2400"]
[Black "valdushka"]
[BlackElo "2249"]
[TimeControl "60+0"]
[Result "0-1"]

1. e4 Nf6 2. Nc3 d5 3. exd5 Nxd5 4. d4 Nxc3 5. bxc3 e5 6. Nf3 
exd4 7. Nxd4 P@e5 8. Be3 exd4 9. Bxd4 N@e6 10. Bb5+ Nc6 11. Bxc6+ bxc6 
12. O-O N@f4 13. P@f5 P@e2 14. fxe6 Bxe6 15. Qd2 exf1=Q+ 16. Rxf1 P@h3 17. Qxf4 
hxg2 18. Re1 B@h3 19. N@g3 P@h4 20. N@e3 hxg3 21. Nxg2 Bxg2 22. Kxg2 gxh2 
23. Kxh2 R@h3+ 24. Kg2 P@f3+ 25. Kg1 N@e2+ 26. Rxe2 fxe2 27. B@e1 R@h1+ 28. Kg2 
N@h4+ 29. Qxh4 Qxh4 30. P@d7+ Bxd7 31. N@f6+ gxf6 32. N@g3 Q@f1+ 33. Kf3 Rxg3# 
{BarryWhite checkmated} 0-1

[Event "fics rated crazyhouse match"]
[Site "fics, Oklahoma City, OK USA"]
[Date "2001.01.11"]
[White "valdushka"]
[WhiteElo "2260"]
[Black "BarryWhite"]
[BlackElo "2389"]
[TimeControl "60+0"]
[Result "1-0"]

1. e4 e6 2. Nc3 d5 3. d4 Nf6 4. e5 Ne4 5. Nxe4 dxe4 6. Nh3 
Nc6 7. Ng5 Bb4+ 8. Bd2 Bxd2+ 9. Qxd2 Qxd4 10. B@e3 Qxd2+ 11. Bxd2 B@g6 
12. N@h4 Nxe5 13. Nxg6 hxg6 14. B@d4 N@c6 15. Bxe5 Nxe5 16. N@d4 P@h3 17. Q@a5 
B@d6 18. Bb5+ P@c6 19. Bf1 hxg2 20. Bxg2 P@h3 21. Nxh3 Rxh3 22. Bxe4 N@f4 
23. Bxf4 Q@b4+ 24. Qxb4 Bxb4+ 25. P@c3 Be7 26. P@g2 Rh8 27. P@e3 Ng4 28. Q@e2 
Nxf2 29. Qxf2 N@g4 30. Qe2 P@f2+ 31. Kd1 e5 32. Bxe5 Nxe5 33. Qxf2 B@h5+ 
34. P@f3 Bcg4 35. fxg4 Nxg4 36. P@f3 Nxf2+ 37. Ke2 
{BarryWhite forfeits on time} 1-0

[Event "fics rated crazyhouse match"]
[Site "fics, Oklahoma City, OK USA"]
[Date "2001.01.11"]
[White "BarryWhite"]
[WhiteElo "2378"]
[Black "valdushka"]
[BlackElo "2271"]
[TimeControl "60+0"]
[Result "0-1"]

1. e4 Nf6 2. Nc3 d5 3. exd5 Nxd5 4. d4 Nxc3 5. bxc3 e5 6. P@e3 
e4 7. Ne2 N@h4 8. Ng3 P@f3 9. Nxe4 fxg2 10. Bxg2 Nxg2+ 11. Kf1 Bh3 
12. Kg1 Nh4 13. N@f4 B@f3 14. P@e2 Bxh1 15. Nxh3 Bxe4 16. P@f3 P@g2 17. B@f1 
R@h1# 
{BarryWhite checkmated} 0-1

[Event "fics rated crazyhouse match"]
[Site "fics, Oklahoma City, OK USA"]
[Date "2001.01.11"]
[White "valdushka"]
[WhiteElo "2281"]
[Black "BarryWhite"]
[BlackElo "2368"]
[TimeControl "60+0"]
[Result "0-1"]

1. e4 e6 2. Nc3 d5 3. d4 dxe4 4. Nxe4 Nc6 5. Nf3 Nf6 6. Bd3 
Bb4+ 7. c3 Be7 8. Nxf6+ Bxf6 9. P@e5 Be7 10. N@h5 Bf8 11. Qe2 P@f5 
12. O-O Rg8 13. Ng5 Be7 14. Nxh7 N@g4 15. P@f6 gxf6 16. exf6 Nxf6 17. N7xf6+ 
Bxf6 18. Nxf6+ Qxf6 19. B@g3 P@h3 20. f3 hxg2 21. Qxg2 N@h4 22. Qh3 P@g2 
23. Rf2 P@g4 24. fxg4 fxg4 25. Qxh4 Qxh4 26. Rxg2 N@f3+ 27. Kh1 Q@d1+ 28. N@f1 
Qh3 29. N@f6+ Kd8 30. Nxg8 Qxg2+ 31. Kxg2 R@g1+ 32. Kf2 Qe1# 
{valdushka checkmated} 0-1

[Event "fics rated crazyhouse match"]
[Site "fics, Oklahoma City, OK USA"]
[Date "2000.01.12"]
[White "Mooner"]
[WhiteElo "2149"]
[Black "LSS"]
[BlackElo "2361"]
[TimeControl "180+0"]
[Result "0-1"]

1. e4 e6 2. Nc3 d5 3. exd5 exd5 4. d4 Bb4 5. Nf3 Bg4 6. Be2 
Nf6 7. Bg5 h6 8. Bh4 P@g5 9. Bg3 O-O 10. Be5 Nc6 11. Bxf6 Qxf6 
12. P@e5 Qe6 13. O-O Bxc3 14. bxc3 N@e4 15. N@c5 Nxc5 16. dxc5 N@f4 17. N@d4 
Qe8 18. B@g3 Nxe2+ 19. Qxe2 Nxd4 20. cxd4 Bxf3 21. Qxf3 B@e4 22. Qe3 N@f5 
23. Qe2 Nxd4 24. Qd2 N@e2+ 25. Kh1 Bxg2+ 26. Kxg2 B@f3+ 27. Kh3 P@g4# 
{Mooner checkmated} 0-1

[Event "fics rated crazyhouse match"]
[Site "fics, Oklahoma City, OK USA"]
[Date "2000.01.12"]
[White "LSS"]
[WhiteElo "2375"]
[Black "ACC"]
[BlackElo "2217"]
[TimeControl "180+0"]
[Result "1-0"]

1. e4 e6 2. d4 d5 3. exd5 exd5 4. Nc3 P@f4 5. Bxf4 Nc6 6. Bb5 
Be6 7. Qe2 Bb4 8. P@a6 Bxc3+ 9. bxc3 N@e4 10. P@d2 bxa6 11. Bxc6+ P@d7 
12. Bxa8 Qxa8 13. Bxc7 B@d8 14. R@b8 Qxb8 15. Bxb8 Ngf6 16. P@c7 O-O 17. cxd8=Q 
Rxd8 18. Bxa7 P@b2 19. Rd1 R@c1 20. P@e7 Re8 21. B@a3 Rxd1+ 22. Qxd1 d6 
23. R@d8 R@c8 24. Q@f8# 
{ACC resigns} 1-0

[Event "fics rated crazyhouse match"]
[Site "fics, Oklahoma City, OK USA"]
[Date "2000.01.12"]
[White "ACC"]
[WhiteElo "2212"]
[Black "fisherman"]
[BlackElo "2259"]
[TimeControl "120+0"]
[Result "1-0"]

1. Nf3 Nf6 2. d4 e6 3. Nc3 b6 4. Bg5 Bb7 5. Bxf6 g6 6. e4 
Qxf6 7. e5 Qe7 8. N@f6+ Kd8 9. Bb5 Bg7 10. Nxd7 Nxd7 11. P@f6 Nxf6 
12. exf6 Bxf6 13. N@c6+ Bxc6 14. Bxc6 Rb8 15. B@e5 N@g4 16. Bxf6 Nxf6 17. B@e5 
P@g7 18. Bxf6 gxf6 19. N@b7+ Rxb7 20. Bxb7 N@d6 21. R@a8+ B@c8 22. Bxc8 Nxc8 
23. B@b7 N@d6 24. Bxc8 Nxc8 25. N@c6+ Kd7 26. Nxe7 Nxe7 27. Rxh8 
{fisherman resigns} 1-0

[Event "fics rated crazyhouse match"]
[Site "fics, Oklahoma City, OK USA"]
[Date "2000.01.12"]
[White "fisherman"]
[WhiteElo "2250"]
[Black "ACC"]
[BlackElo "2221"]
[TimeControl "120+0"]
[Result "1-0"]

1. e4 e6 2. Nc3 d5 3. d4 dxe4 4. Nxe4 Nc6 5. Nf3 P@f5 6. Neg5 
h6 7. Nxf7 Kxf7 8. Bb5 Bd6 9. Bxc6 bxc6 10. N@e5+ Kf8 11. Ng6+ Ke8 
12. Nxh8 B@f7 13. P@h7 Nf6 14. Ng6 Nxh7 15. R@h8+ N@g8 16. Nge5 Bxe5 17. Nxe5 
N@f6 18. P@g6 Bxg6 19. Nxg6 P@f7 20. Ne5 P@b7 21. B@g6 fxg6 22. B@f7+ Ke7 
23. Bxg6 B@d6 24. Bxh7 Bxe5 25. dxe5 Qxd1+ 26. Kxd1 Q@d4+ 27. N@d3 Ne4 28. B@h4+ 
g5 29. P@f6+ Kd7 30. Bxg8 N@c3+ 31. bxc3 Nxc3+ 32. Ke1 Qe4+ 33. N@e3 c5 
34. Nxc5+ Kc6 35. Nxe4 b6 36. N@d8+ Kb5 37. P@c4+ Ka5 38. Nxc3 Bd7 39. N@b3+ 
Kb4 40. a3+ Kxc3 41. Q@d3# 
{ACC checkmated} 1-0

[Event "fics rated crazyhouse match"]
[Site "fics, Oklahoma City, OK USA"]
[Date "2000.01.12"]
[White "jtp"]
[WhiteElo "2229"]
[Black "pminear"]
[BlackElo "2353"]
[TimeControl "180+0"]
[Result "1-0"]

1. e4 e5 2. Nf3 Nc6 3. Bc4 Bc5 4. c3 Nf6 5. d4 exd4 6. cxd4 
Bxd4 7. Nxd4 Nxd4 8. Bxf7+ Kxf7 9. B@b3+ P@e6 10. Qxd4 B@b6 11. N@e5+ Kf8 
12. P@c5 Ba5+ 13. Bd2 Bxd2+ 14. Nxd2 d6 15. P@g6 hxg6 16. Nxg6+ Kg8 17. B@e7 
Qe8 18. Nxh8 Qxe7 19. cxd6 cxd6 20. Ng6 Qe8 21. R@h8+ Kf7 22. Rxe8 Kxg6 
23. P@f5+ exf5 24. exf5+ Bxf5 25. Q@f7+ Kh6 26. Rxa8 B@g6 27. Qh4+ N@h5 28. P@g5+ 
Kh7 29. R@h6# 
{pminear checkmated} 1-0

[Event "fics rated crazyhouse match"]
[Site "fics, Oklahoma City, OK USA"]
[Date "2000.01.12"]
[White "pminear"]
[WhiteElo "2342"]
[Black "jtp"]
[BlackElo "2240"]
[TimeControl "180+0"]
[Result "0-1"]

1. e4 Nf6 2. Nc3 d5 3. exd5 Nxd5 4. d4 e6 5. Nxd5 exd5 6. Nf3 
Bb4+ 7. Bd2 Qe7+ 8. P@e5 Bxd2+ 9. Nxd2 B@h6 10. N@e3 Bxe3 11. fxe3 N@f5 
12. B@f2 f6 13. exf6 gxf6 14. Qe2 Nc6 15. Rd1 Ncxd4 16. exd4 P@e3 17. Bxe3 
Nxe3 18. P@f7+ Kxf7 19. N@h6+ Kf8 20. P@e5 Nxc2+ 21. Kf2 B@g5 22. Nf3 N@e4+ 
23. Qxe4 dxe4 
{pminear resigns} 0-1

[Event "fics rated crazyhouse match"]
[Site "fics, Oklahoma City, OK USA"]
[Date "2000.01.12"]
[White "jtp"]
[WhiteElo "2250"]
[Black "pminear"]
[BlackElo "2332"]
[TimeControl "180+0"]
[Result "1-0"]

1. e4 e5 2. Nf3 Nc6 3. Bc4 Bc5 4. c3 Nf6 5. d4 exd4 6. cxd4 
Bxd4 7. Nxd4 Nxd4 8. Bxf7+ Kxf7 9. B@b3+ Nxb3 10. Qxb3+ P@e6 11. N@e5+ Ke7 
12. P@h6 B@d6 13. Nc4 N@d4 14. Qd3 B@e5 15. hxg7 Rg8 16. P@f4 Bxf4 17. Bxf4 
Bxf4 18. Qxd4 d6 19. B@f8+ Rxf8 20. gxf8=Q+ Qxf8 21. P@e3 B@e5 22. Qd2 P@h3 
23. exf4 hxg2 24. Rg1 B@b5 25. fxe5 Bxc4 26. exf6+ Qxf6 27. N@g8+ Kf7 28. N@h6+ 
Kf8 29. Nxf6 N@f3+ 30. Kd1 P@e2+ 31. Kc1 
{pminear resigns} 1-0

[Event "fics rated crazyhouse match"]
[Site "fics, Oklahoma City, OK USA"]
[Date "2000.01.12"]
[White "pminear"]
[WhiteElo "2322"]
[Black "jtp"]
[BlackElo "2260"]
[TimeControl "180+0"]
[Result "1-0"]

1. e4 Nf6 2. Nc3 d5 3. exd5 Nxd5 4. Nxd5 Qxd5 5. Nf3 Nc6 6. N@e3 
Qd8 7. d4 e6 8. Bb5 Bd7 9. O-O a6 10. Ba4 N@f4 11. Re1 P@e4 
12. Bxc6 Bxc6 13. Ne5 B@h5 14. N3g4 Bxg4 15. Qxg4 N@g6 16. Bxf4 Qxd4 17. Nxc6 
bxc6 18. Rad1 P@d3 19. P@b7 Rd8 20. cxd3 exd3 21. B@e3 N@e2+ 22. Kh1 Qd5 
23. Bxc7 P@f3 24. B@e4 fxg2+ 25. Qxg2 Qxe4 26. Qxe4 B@d5 27. Qxd5 exd5 28. B@g2 
P@c2 29. Bxd8 cxd1=Q 30. N@c7+ Kd7 31. Q@e8+ Kd6 32. Nb5+ cxb5 33. b8=Q# 
{jtp resigns} 1-0

[Event "fics rated crazyhouse match"]
[Site "fics, Oklahoma City, OK USA"]
[Date "2000.01.12"]
[White "jtp"]
[WhiteElo "2253"]
[Black "pminear"]
[BlackElo "2329"]
[TimeControl "180+0"]
[Result "0-1"]

1. e4 e5 2. Nf3 Nc6 3. Bc4 Bc5 4. c3 Nf6 5. d4 exd4 6. cxd4 
Bxd4 7. Nxd4 Nxd4 8. Bxf7+ Kxf7 9. B@b3+ Nxb3 10. Qxb3+ P@e6 11. N@e5+ Ke7 
12. P@h6 d6 13. hxg7 Rg8 14. P@f7 Rxg7 15. Bh6 B@a5+ 16. Nc3 dxe5 17. Bxg7 
N@d3+ 18. Kf1 N@d2+ 19. Ke2 Nf4# 
{jtp resigns} 0-1

[Event "fics rated crazyhouse match"]
[Site "fics, Oklahoma City, OK USA"]
[Date "2000.01.12"]
[White "pminear"]
[WhiteElo "2335"]
[Black "jtp"]
[BlackElo "2247"]
[TimeControl "180+0"]
[Result "0-1"]

1. e4 Nc6 2. Nc3 Nf6 3. Nf3 d5 4. exd5 Nxd5 5. d4 e6 6. Bd3 
Bb4 7. Bd2 Qe7 8. O-O Bxc3 9. bxc3 f5 10. Re1 P@e4 11. Bxe4 fxe4 
12. Rxe4 B@g6 13. Re1 O-O 14. P@e5 Bxc2 15. Qxc2 Rxf3 16. gxf3 N@h3+ 17. Kf1 
N@f4 18. Bxf4 Ndxf4 19. P@g2 B@d3+ 20. Qxd3 Nxd3 21. gxh3 Q@h1+ 22. R@g1 P@g2+ 
23. Ke2 Nf4+ 24. Kd2 Qxh2 25. B@g3 Qxg1 26. Rxg1 R@e2+ 27. Kc1 P@b2+ 28. Kb1 
bxa1=Q+ 29. Kxa1 R@f1+ 30. N@b1 Rxg1 31. Bxf4 Rxb1+ 32. Kxb1 g1=Q+ 33. B@c1 N@a3# 
{pminear resigns} 0-1